[Event "Titled Tuesday Blitz June 07 Early 2022"]
[White "Jumabayev, Rinat"]
[Black "Baches Garcia, Guillermo"]
[WhiteFideId "13702661"]
[BlackFideId "2209764"]
[WhiteElo "2561"]
[BlackElo "2527"]
[Result "1-0"]
[Round "03"]
[TimeControl "180+1"]
[Date "2022.06.08"]
[WhiteClock "0:00:14"]
[BlackClock "0:00:01"]

1. e4 c5 2. Nf3 d6 3. Bc4 Nf6 4. d3 e6 5. O-O Be7 6. Bb3 b6 7. Re1 Bb7 8. c3 O-O 9. Nbd2 Nbd7 10. d4 cxd4 11. cxd4 d5 12. e5 Ne4 13. Nf1 Bb4 14. Re3 f5 15. exf6 Ndxf6 16. Ng3 Ng4 17. Re2 Ba6 18. Rxe4 dxe4 19. Bxe6+ Kh8 20. Bxg4 exf3 21. Qa4 Qxd4 22. gxf3 Bc5 23. Qxd4 Bxd4 24. Kg2 Rae8 25. Nf5 Bf6 26. Be3 g6 27. Nd6 Rd8 28. Rd1 Kg7 29. Bf4 h5 30. Be6 g5 31. Bc1 Be7 32. Nf5+ Kf6 33. Re1 Bc5 34. h4 gxh4 35. Bh6 Rg8+ 36. Kh3 Bc8 37. Bxc8 Rxc8 38. Nxh4 Rh8 39. Bf4 Bxf2 40. Be5+ 1-0


[Site "https://www.chess.com"]

[Event "Titled Tuesday Blitz June 07 Early 2022"]
[White "Keller, Peter"]
[Black "Lagno, Kateryna"]
[WhiteFideId "1272105"]
[BlackFideId "14109336"]
[WhiteElo "2275"]
[BlackElo "2522"]
[Result "0-1"]
[Round "03"]
[TimeControl "180+1"]
[Date "2022.06.08"]
[WhiteClock "0:00:03"]
[BlackClock "0:00:16"]

1. e4 e5 2. Nf3 Nc6 3. Bc4 Bc5 4. O-O Nf6 5. d3 a6 6. c3 d6 7. a4 h6 8. Nbd2 Ba7 9. Re1 O-O 10. h3 Re8 11. Nf1 Be6 12. b3 d5 13. exd5 Nxd5 14. Bd2 Qf6 15. b4 Rad8 16. b5 Na5 17. Ba2 Nf4 18. Bxf4 Qxf4 19. Rxe5 Bxa2 20. Rxe8+ Rxe8 21. Rxa2 Bc5 22. d4 Bd6 23. Re2 Rd8 24. Qd3 axb5 25. axb5 b6 26. Ng3 g6 27. Re4 Qf6 28. Qe3 h5 29. Re8+ Rxe8 30. Qxe8+ Kg7 31. Ne5 Qf4 32. Ne2 Qf5 33. g4 hxg4 34. hxg4 Qf6 35. f4 Qe6 36. Qxe6 fxe6 37. Nd3 Nc4 38. Kf2 Nd2 39. Ng3 Nb1 40. Ke3 Nxc3 41. Ne4 Nxb5 42. Nxd6 Nxd6 43. Ne5 b5 44. Kd3 Kf6 45. Nd7+ Ke7 46. Nc5 c6 47. Nb3 Ne8 48. Nc5 Nf6 49. g5 Nd5 50. Ke4 b4 51. Ke5 Nb6 52. Nb3 Nc4+ 53. Ke4 Kd6 54. Kd3 Kd5 55. Nc5 Na5 56. Nd7 b3 57. Nf6+ Kd6 58. Kc3 c5 59. Ne4+ Kd5 60. Nxc5 Nc6 61. Kxb3 Nxd4+ 62. Kb4 Ne2 63. Nd3 Kd4 64. Nc5 Nxf4 65. Nd7 e5 66. Kb3 e4 67. Kc2 e3 68. Kd1 Ke4 69. Nf6+ Kf3 70. Ke1 Nd3+ 71. Kd1 e2+ 0-1


[Site "https://www.chess.com"]

[Event "Titled Tuesday Blitz June 07 Early 2022"]
[White "Khanin, Semen"]
[Black "Golubovskis, Maksims"]
[WhiteFideId "4111990"]
[BlackFideId "11608528"]
[WhiteElo "2442"]
[BlackElo "2102"]
[Result "0-1"]
[Round "03"]
[TimeControl "180+1"]
[Date "2022.06.08"]
[WhiteClock "0:00:05"]
[BlackClock "0:00:08"]

1. e4 c5 2. Nf3 d6 3. d4 cxd4 4. Nxd4 Nf6 5. Nc3 a6 6. f3 e5 7. Nb3 Be6 8. Be3 h5 9. Qd2 Nbd7 10. Nd5 Nxd5 11. exd5 Bf5 12. Be2 g6 13. O-O Bg7 14. c4 O-O 15. Na5 Qc7 16. Rac1 b6 17. Nc6 Nb8 18. Nxb8 Raxb8 19. b4 Rfc8 20. Rfd1 Qd7 21. c5 bxc5 22. Bxa6 Rd8 23. bxc5 dxc5 24. Rxc5 e4 25. fxe4 Bxe4 26. Bd4 Bxd4+ 27. Qxd4 Qg4 28. Bf1 Rb2 29. Qxb2 Qxd1 30. Qf6 Rb8 31. d6 Bxg2 32. Kxg2 Qg4+ 33. Kf2 Rb4 34. Rc4 Rxc4 35. Bxc4 Qxc4 36. Qe7 Qc2+ 37. Ke3 Qc3+ 38. Ke4 Qc4+ 39. Ke3 Qc3+ 40. Kf4 Qd4+ 41. Kg5 Qd2+ 42. Kh4 Qf4+ 0-1


[Site "https://www.chess.com"]

[Event "Titled Tuesday Blitz June 07 Early 2022"]
[White "Kozak, Adam"]
[Black "Agibileg, Uurtsaikh"]
[WhiteFideId "753246"]
[BlackFideId "4901606"]
[WhiteElo "2459"]
[BlackElo "2205"]
[Result "1-0"]
[Round "03"]
[TimeControl "180+1"]
[Date "2022.06.07"]
[WhiteClock "0:02:08"]
[BlackClock "0:00:06"]

1. e4 c5 2. Nf3 e6 3. b3 Nf6 4. e5 Nd5 5. Bb2 Nc6 6. Nc3 d6 7. Nxd5 exd5 8. Bb5 d4 9. c3 dxe5 10. Nxe5 Qd5 11. Qe2 Be6 12. Nxc6 bxc6 13. Bc4 Qxg2 14. O-O-O d3 15. Bxd3 Be7 16. Be4 Bg4 17. Bxg2 Bxe2 18. Bxc6+ Kd8 19. Bxa8 Bxd1 20. Rxd1 Kd7 21. Bg2 Bg5 22. Kc2 Re8 23. Bf1 Kd6 24. d4 cxd4 25. Rxd4+ Ke5 26. h4 Bf6 27. Bh3 Rd8 28. f4# 1-0


[Site "https://www.chess.com"]

[Event "Titled Tuesday Blitz June 07 Early 2022"]
[White "Krysa, Leandro"]
[Black "Salinas Herrera, Pablo"]
[WhiteFideId "116807"]
[BlackFideId "3407128"]
[WhiteElo "2490"]
[BlackElo "2541"]
[Result "0-1"]
[Round "03"]
[TimeControl "180+1"]
[Date "2022.06.07"]
[WhiteClock "0:00:27"]
[BlackClock "0:01:17"]

1. e4 c5 2. Nf3 e6 3. d4 cxd4 4. Nxd4 a6 5. c4 Qc7 6. Nc3 b6 7. Be2 Bb7 8. O-O Nf6 9. Qd3 Nc6 10. Nxc6 Bxc6 11. Bg5 h6 12. Bh4 Bd6 13. Bg3 Bxg3 14. Qxg3 Qxg3 15. hxg3 Nxe4 16. Nxe4 Bxe4 17. Rfd1 Ke7 18. Rd4 Bc6 19. b3 Rhd8 20. Bf3 Rac8 21. a4 a5 22. Kf1 Bxf3 23. gxf3 d5 24. Ke2 dxc4 25. Rxc4 Rxc4 26. bxc4 Rd4 27. Rc1 Kd6 28. Rb1 Kc6 29. f4 Rxc4 30. Ra1 g5 31. Ke3 gxf4+ 32. gxf4 f5 33. f3 h5 0-1


[Site "https://www.chess.com"]

[Event "Titled Tuesday Blitz June 07 Early 2022"]
[White "Lazavik, Denis"]
[Black "Rosen, Eric"]
[WhiteFideId "13515110"]
[BlackFideId "2032562"]
[WhiteElo "2437"]
[BlackElo "2362"]
[Result "1-0"]
[Round "03"]
[TimeControl "180+1"]
[Date "2022.06.07"]
[WhiteClock "0:00:10"]
[BlackClock "0:00:01"]

1. d4 d5 2. c4 e6 3. Nf3 Nf6 4. g3 dxc4 5. Bg2 Bb4+ 6. Bd2 c5 7. Bxb4 cxb4 8. Ne5 O-O 9. O-O Nc6 10. Nxc6 bxc6 11. a3 b3 12. Bxc6 Rb8 13. Nc3 Bb7 14. Bxb7 Rxb7 15. Rc1 Qa5 16. e3 Rc7 17. Qe2 Rfc8 18. Rfd1 h5 19. h3 Qf5 20. Kg2 Ne4 21. Qf3 Nxc3 22. Qxf5 exf5 23. Rxc3 Kf8 24. d5 Rc5 25. d6 a5 26. Rd4 Rd8 27. Kf3 Rc6 28. d7 Ke7 29. Rcxc4 Rxc4 30. Rxc4 Rxd7 31. Ke2 Rd5 32. Rc3 a4 33. Rc4 Ra5 34. Kd3 Ke6 35. Kc3 Kd5 36. Kb4 Ra8 37. Rd4+ Ke5 38. Kb5 g5 39. f4+ gxf4 40. gxf4+ Ke6 41. Rxa4 Rg8 42. Rb4 Rg3 43. a4 Kd7 44. a5 Kc7 45. Rxb3 Rxh3 46. Ka6 Rh1 47. Rb7+ Kc6 48. Rxf7 Rb1 49. Rf6+ Kc7 50. Rxf5 h4 51. Rh5 Rxb2 52. Rxh4 Rb3 53. Rh3 Kc6 54. f5 1-0


[Site "https://www.chess.com"]

[Event "Titled Tuesday Blitz June 07 Early 2022"]
[White "Lewtak, Damian"]
[Black "Le, Tuan Minh"]
[WhiteFideId "1141724"]
[BlackFideId "12401153"]
[WhiteElo "2379"]
[BlackElo "2530"]
[Result "0-1"]
[Round "03"]
[TimeControl "180+1"]
[Date "2022.06.07"]
[WhiteClock "0:00:58"]
[BlackClock "0:01:31"]

1. e4 c5 2. Nf3 Nf6 3. e5 Nd5 4. Nc3 e6 5. Ne4 f5 6. Nc3 Ne7 7. b3 Nbc6 8. Bb2 a6 9. a4 Ng6 10. Be2 Be7 11. d4 cxd4 12. Nxd4 Ncxe5 13. a5 b5 14. axb6 Qxb6 15. Nf3 Ng4 16. O-O O-O 17. h3 Nf6 18. Ra4 Bb7 19. Qd2 Bc6 20. Ra2 Bb4 21. Qg5 Bxc3 22. Bxc3 Ne4 23. Bd4 Qxd4 24. Qxg6 Qb6 25. Qh5 Ng3 0-1


[Site "https://www.chess.com"]

[Event "Titled Tuesday Blitz June 07 Early 2022"]
[White "Livaic, Leon"]
[Black "Agasarov, Benik"]
[WhiteFideId "14531534"]
[BlackFideId "13314823"]
[WhiteElo "2540"]
[BlackElo "2618"]
[Result "1/2-1/2"]
[Round "03"]
[TimeControl "180+1"]
[Date "2022.06.07"]
[WhiteClock "0:00:46"]
[BlackClock "0:00:09"]

1. d4 Nf6 2. c4 e6 3. Nf3 d5 4. Nc3 Bb4 5. Bg5 h6 6. Bxf6 Qxf6 7. e3 O-O 8. Rc1 Rd8 9. a3 Bxc3+ 10. Rxc3 c5 11. cxd5 cxd4 12. Qxd4 Qxd4 13. Nxd4 exd5 14. Rc7 Nc6 15. Nxc6 bxc6 16. Rxc6 d4 17. Bc4 dxe3 18. fxe3 Bb7 19. Rc7 Bxg2 20. Rg1 Bd5 21. Bxd5 Rxd5 22. Rf1 f5 23. Rf4 Re8 24. Ke2 Rde5 25. Rc3 g5 26. Ra4 a5 27. Kf3 R8e7 28. Rac4 Kf7 29. h3 h5 30. Rc6 g4+ 31. hxg4 fxg4+ 32. Kf2 Rf5+ 33. Kg2 Rf3 34. R6c5 Rfxe3 35. Rxh5 Rxc3 36. bxc3 Re2+ 37. Kg3 Re3+ 38. Kxg4 Rxc3 39. Rxa5 Ke6 40. Kf4 Kd6 41. Ke4 Rc1 42. Ra8 Kc7 43. Kd3 Kb7 44. Ra4 Ra1 45. Kc3 Kb6 46. Kb2 Rh1 47. Rg4 Rh2+ 48. Kb3 Rh1 49. Ka4 Ka7 50. Rg5 Rh3 51. Kb4 Rh4+ 52. Ka5 Rh1 53. Rg7+ Ka8 54. Rg6 Rh3 55. a4 Rb3 56. Ka6 Rb8 57. a5 Re8 58. Rf6 Kb8 59. Rd6 Kc7 60. Rb6 Ra8+ 61. Kb5 Rb8 62. Ka6 Ra8+ 63. Kb5 Rb8 64. Kc5 Rxb6 65. axb6+ Kb7 66. Kb5 Kb8 67. Kc6 Kc8 68. Kc5 Kb7 69. Kb5 Kb8 70. Ka6 Ka8 71. Ka5 Kb7 72. Kb5 1/2-1/2


[Site "https://www.chess.com"]

[Event "Titled Tuesday Blitz June 07 Early 2022"]
[White "Maghsoodloo, Parham"]
[Black "Atakhan, Abtin"]
[WhiteFideId "12539929"]
[BlackFideId "22502203"]
[WhiteElo "2607"]
[BlackElo "2087"]
[Result "1-0"]
[Round "03"]
[TimeControl "180+1"]
[Date "2022.06.07"]
[WhiteClock "0:01:21"]
[BlackClock "0:00:42"]

1. d4 d5 2. c4 c6 3. Nf3 Nf6 4. e3 Bf5 5. Nc3 e6 6. Nh4 Be4 7. f3 Bg6 8. Qb3 Qc7 9. Bd2 Be7 10. O-O-O Nbd7 11. Nxg6 hxg6 12. Kb1 a5 13. cxd5 Nxd5 14. e4 Nxc3+ 15. Bxc3 a4 16. Qc2 Nf6 17. g4 a3 18. b3 Qb6 19. h4 O-O-O 20. Bc4 Bb4 21. Ba1 Rd7 22. Rd3 Rhd8 23. Rhd1 Kb8 24. h5 gxh5 25. g5 Ne8 26. g6 Nd6 27. gxf7 Re7 28. Qh2 Ka8 29. Rc1 Nxc4 30. Rxc4 Rxf7 31. Bc3 Bd6 32. Qxh5 Qc7 33. Ba5 1-0


[Site "https://www.chess.com"]

[Event "Titled Tuesday Blitz June 07 Early 2022"]
[White "Matinian, Nikita"]
[Black "Nakamura, Hikaru"]
[WhiteFideId "24129100"]
[BlackFideId "2016192"]
[WhiteElo "2422"]
[BlackElo "2850"]
[Result "0-1"]
[Round "03"]
[TimeControl "180+1"]
[Date "2022.06.07"]
[WhiteClock "0:00:02"]
[BlackClock "0:00:12"]

1. e4 g6 2. d4 Bg7 3. Nc3 a6 4. h4 b5 5. a3 Bb7 6. h5 e6 7. h6 Bf8 8. Nf3 d6 9. Bd3 Nd7 10. Qe2 Ngf6 11. Ng5 c5 12. e5 c4 13. Bxc4 bxc4 14. exf6 Nxf6 15. Qxc4 Bxg2 16. Qa4+ Qd7 17. Qxd7+ Nxd7 18. Rh2 Bb7 19. Bf4 Nf6 20. f3 d5 21. Be5 Be7 22. Na4 O-O 23. Nc5 Bc6 24. c3 Nd7 25. Nxd7 Bxd7 26. Nh3 f6 27. Bg3 a5 28. Nf2 Ra6 29. Nd3 Rc8 30. Bf2 Bb5 31. Nc5 Rb6 32. b4 Ra8 33. Be3 axb4 34. cxb4 Kf7 35. Rb2 Ba4 36. Rc1 Be8 37. a4 Bxa4 38. Ra1 Bc6 39. Rxa8 Bxa8 40. Ra2 Bc6 41. Bd2 e5 42. dxe5 fxe5 43. Ra7 Kf6 44. Bg5+ Kxg5 45. Rxe7 Rxb4 46. Rxh7 Bb5 47. Ne6+ Kh5 48. Ng7+ Kg5 49. Ne6+ Kf6 50. Nf8 Rh4 51. Rb7 Bd3 52. h7 g5 53. Nd7+ Kf5 54. Nc5 Bc2 55. Rf7+ Kg6 56. Re7 Kf6 57. Re8 Rxh7 58. Kf2 Bf5 59. Rf8+ Rf7 60. Rxf7+ Kxf7 61. Ke3 Ke7 62. Na4 Kd6 63. Nb6 g4 64. fxg4 Bxg4 65. Na4 Bd7 66. Nb2 Bb5 67. Kd2 d4 68. Nd1 e4 69. Ke1 e3 70. Nb2 d3 0-1


[Site "https://www.chess.com"]

[Event "Titled Tuesday Blitz June 07 Early 2022"]
[White "Myshakov, Fyodor"]
[Black "Grigorov, Grigor"]
[WhiteFideId "14111284"]
[BlackFideId "2907313"]
[WhiteElo "2310"]
[BlackElo "2510"]
[Result "0-1"]
[Round "03"]
[TimeControl "180+1"]
[Date "2022.06.08"]
[WhiteClock "0:00:12"]
[BlackClock "0:00:09"]

1. c4 Nf6 2. Nc3 c5 3. Nf3 e6 4. g3 b6 5. Bg2 Bb7 6. O-O Be7 7. b3 O-O 8. Bb2 d5 9. cxd5 Nxd5 10. Nxd5 Bxd5 11. d3 Nd7 12. Qd2 Rc8 13. Rac1 Rc7 14. Rfd1 Qa8 15. d4 Rfc8 16. dxc5 Nxc5 17. Qf4 Qb7 18. Qg4 f6 19. h4 Ne4 20. Rxc7 Rxc7 21. Nd4 Nxf2 22. Kxf2 Bxg2 23. Qxe6+ Kf8 24. Nf5 Qe4 25. Qxe4 Bxe4 26. Nxe7 Kxe7 27. Ke3 Bb7 28. Rc1 Rd7 29. Ba3+ Ke6 30. Bb4 h5 31. Bd2 Kf5 32. Rf1+ Kg4 33. Rg1 Ba6 34. Re1 Kxg3 35. Bc3 Kxh4 36. Kf4 g5+ 37. Kf5 Kg3 38. Bxf6 g4 39. Be5+ Kf2 40. Rh1 Bxe2 41. Rh2+ Kf3 42. Rxh5 Bd3+ 43. Ke6 Rb7 44. Rg5 Rh7 45. Kd6 Rh6+ 46. Kc7 Rh7+ 47. Kb8 Be4 48. Bc7 a5 49. Bxb6 Rb7+ 50. Kc8 Rxb6 51. Rxa5 Rg6 52. Rc5 g3 53. Rc3+ Kf2 54. a4 g2 55. Rc1 g1=Q 56. Rxg1 Rxg1 57. b4 Ra1 58. a5 Ra4 59. b5 Rxa5 60. b6 Rb5 61. Kc7 Rb1 62. Kd6 Rxb6+ 63. Kc5 Rb3 64. Kd4 Re3 65. Ke5 Kf3 66. Kf6 Kf4 67. Ke6 Rd3 68. Kf6 Rd6+ 69. Ke7 Ke5 70. Kf7 Rd7+ 71. Ke8 Ra7 72. Kf8 Kf6 73. Ke8 Bf5 74. Kd8 Be6 0-1


[Site "https://www.chess.com"]

[Event "Titled Tuesday Blitz June 07 Early 2022"]
[White "Namitbir Singh Walia"]
[Black "Dronavalli, Harika"]
[WhiteFideId "35071068"]
[BlackFideId "5015197"]
[WhiteElo "1565"]
[BlackElo "2382"]
[Result "0-1"]
[Round "03"]
[TimeControl "180+1"]
[Date "2022.06.08"]
[WhiteClock "0:00:30"]
[BlackClock "0:00:19"]

1. d4 Nf6 2. c4 d6 3. Nf3 Nbd7 4. g3 g6 5. Bg2 Bg7 6. O-O O-O 7. Nc3 e5 8. e4 exd4 9. Nxd4 Nc5 10. Re1 Re8 11. Bg5 h6 12. Bf4 Bd7 13. e5 Nh5 14. exd6 Rxe1+ 15. Qxe1 Nxf4 16. dxc7 Qxc7 17. Ndb5 Bxb5 18. Nxb5 Nxg2 19. Nxc7 Nxe1 20. Nxa8 Ned3 21. Nc7 Bxb2 22. Rd1 Bd4 23. Kg2 Bxf2 24. Nd5 Bd4 25. Kf3 Bg7 26. Ke3 Ne5 27. Rc1 b6 28. Ne7+ Kh7 29. Nc8 Nc6 30. Rd1 h5 31. Rd6 Ne5 32. Rd8 Nxc4+ 33. Kf3 a5 34. Re8 a4 35. Re7 Ne5+ 36. Kg2 Bf6 37. Ra7 Ned7 38. Nd6 Kg7 39. Ne8+ Kf8 40. Nxf6 Nxf6 41. Kf3 Nfd7 42. Ke3 Ke7 43. Kd4 Kd6 44. Ra8 Ne6+ 45. Kc4 Kc6 46. Rc8+ Nc7 47. a3 b5+ 48. Kb4 Kb6 49. Rg8 Nd5# 0-1


[Site "https://www.chess.com"]

[Event "Titled Tuesday Blitz June 07 Early 2022"]
[White "Narayanan, Srinath"]
[Black "Richter, Nils"]
[WhiteFideId "5018420"]
[BlackFideId "12990809"]
[WhiteElo "2472"]
[BlackElo "2311"]
[Result "1-0"]
[Round "03"]
[TimeControl "180+1"]
[Date "2022.06.08"]
[WhiteClock "0:00:08"]
[BlackClock "0:00:05"]

1. e4 c5 2. Nf3 d6 3. d4 cxd4 4. Nxd4 Nf6 5. Nc3 a6 6. h3 e5 7. Nde2 h5 8. g3 Be6 9. Bg2 Nbd7 10. O-O Be7 11. Bg5 O-O 12. Qd2 b5 13. a3 Nb6 14. b3 Rc8 15. Rad1 Qc7 16. f4 Rfd8 17. f5 Bd7 18. Bxf6 Bxf6 19. Qxd6 Qxd6 20. Rxd6 Be7 21. Rd3 Bxa3 22. Ra1 b4 23. Nd5 Nxd5 24. Rxd5 Bb5 25. c4 bxc3 26. Nxc3 Bc5+ 27. Kh2 Bd4 28. Rxd8+ Rxd8 29. Rd1 Bc6 30. Nd5 Kf8 31. Rc1 Be8 32. Bf3 h4 33. gxh4 Rb8 34. Bd1 a5 35. h5 Bb5 36. Kg3 Bd3 37. Kf3 Kg8 38. Rc7 a4 39. bxa4 Rb2 40. a5 Rf2+ 41. Kg3 Rf1 42. Bf3 Rg1+ 43. Kh2 Rf1 44. Kg2 Rg1+ 45. Kh2 Rf1 46. Bg2 Rf2 47. Kg3 Rxg2+ 48. Kxg2 Bxe4+ 49. Kh2 Bxd5 50. a6 Kh7 51. a7 f6 52. Kg3 Kh6 53. Kg4 Bh1 54. Rc8 Kh7 55. a8=Q Bxa8 56. Rxa8 Be3 57. Re8 Bh6 58. Kf3 Bg5 59. Kg4 Bh6 60. h4 Bf4 61. Kf3 Bh6 62. Re7 Bf4 63. Rd7 Kh6 64. Kg4 Kh7 65. Rd8 Bh6 66. Rd1 Bf4 67. Rf1 Bh6 68. Kf3 Bd2 69. Rg1 Kh6 70. Kg4 Be3 71. Rg2 Bf4 72. Re2 Kh7 73. Re4 Kh6 74. Ra4 Be3 75. Ra8 Kh7 76. Kf3 Bf4 77. Ke4 Bh6 78. Kd5 Bf4 79. Ke6 Bh6 80. Kf7 e4 81. Re8 e3 82. Re7 Kh8 83. Kg6 1-0


[Site "https://www.chess.com"]

[Event "Titled Tuesday Blitz June 07 Early 2022"]
[White "Nesterov, Arseniy"]
[Black "Pham, Le Thao Nguyen"]
[WhiteFideId "24198455"]
[BlackFideId "12401226"]
[WhiteElo "2489"]
[BlackElo "2282"]
[Result "1-0"]
[Round "03"]
[TimeControl "180+1"]
[Date "2022.06.07"]
[WhiteClock "0:00:37"]
[BlackClock "0:00:07"]

1. d4 d5 2. c4 c6 3. Nc3 Nf6 4. e3 g6 5. Nf3 Bg7 6. h3 O-O 7. Bd3 a6 8. cxd5 cxd5 9. O-O Nc6 10. b3 Bd7 11. a4 Nb4 12. Be2 Rc8 13. Ba3 Qa5 14. Qd2 Bf5 15. Rac1 Nc2 16. Bc5 b6 17. b4 Nxb4 18. Bxe7 Rfe8 19. Bxb4 Qxb4 20. Bxa6 Rc7 21. Ne2 Qxd2 22. Nxd2 Rec8 23. Bxc8 1-0


[Site "https://www.chess.com"]

[Event "Titled Tuesday Blitz June 07 Early 2022"]
[White "Omariev, Maksim"]
[Black "Large, Peter G"]
[WhiteFideId "4193423"]
[BlackFideId "400866"]
[WhiteElo "2523"]
[BlackElo "2064"]
[Result "0-1"]
[Round "03"]
[TimeControl "180+1"]
[Date "2022.06.08"]
[WhiteClock "0:00:05"]
[BlackClock "0:00:16"]

1. e4 e6 2. d4 d5 3. Nc3 dxe4 4. Nxe4 Bd7 5. Bd3 Bc6 6. Nf3 Nd7 7. Qe2 Ngf6 8. Neg5 Bd6 9. Nxf7 Kxf7 10. Ng5+ Ke8 11. O-O Nf8 12. c4 h6 13. Nxe6 Nxe6 14. Qxe6+ Qe7 15. Qh3 Bd7 16. Bg6+ Kd8 17. Qb3 b6 18. c5 bxc5 19. dxc5 Bxc5 20. Qb7 Rc8 21. Bf4 Bd6 22. Rfe1 Bxf4 23. Rxe7 Kxe7 24. Re1+ Kd8 25. Qxa7 Bd6 26. a4 Bc6 27. Qd4 Rf8 28. a5 Rb8 29. a6 Rb4 30. Qc3 Bd5 31. Rd1 Ra4 32. Qd3 Kd7 33. b3 Ra2 34. Qd4 Kc6 35. Bd3 Re8 36. Bc4 Re5 37. Bxd5+ Rxd5 38. Qc4+ Kd7 39. Rf1 Rc5 40. Qd3 Rca5 41. b4 Rxa6 42. g3 R6a3 43. Qf5+ Kc6 44. b5+ Kb6 45. Rc1 Ra1 46. Rxa1 Rxa1+ 47. Kg2 Ra5 48. Qg6 Rxb5 49. Qxg7 Be5 50. Qxh6 c5 51. Qf8 Bd4 52. Qd8+ Kc6 53. h4 c4 54. Qc8+ Kd5 55. Qf5+ Kc6 56. Qe6+ Kc5 57. g4 c3 58. g5 Nd5 59. Qc8+ Kb4 60. g6 Rc5 61. Qb7+ Kc4 62. Qb1 Nf4+ 63. Kf3 Nd3 64. Qf1 c2 65. Ke4 c1=Q 66. Qxd3+ Kb4 67. Qxd4+ Rc4 68. Qxc4+ Qxc4+ 69. Kf5 Qxh4 70. Ke6 Qxf2 71. g7 Qe3+ 72. Kf7 Qf4+ 73. Ke8 Qe5+ 74. Kf8 Qf5+ 75. Ke7 Qg6 76. Kf8 Qf6+ 77. Kg8 Kc5 78. Kh7 Qh4+ 79. Kg6 Qg4+ 80. Kh6 Kd6 81. Kh7 Qh5+ 82. Kg8 Ke6 83. Kf8 Qf7# 0-1


[Site "https://www.chess.com"]

[Event "Titled Tuesday Blitz June 07 Early 2022"]
[White "Pakleza, Zbigniew"]
[Black "Chojnacki, Slawomir"]
[WhiteFideId "1119290"]
[BlackFideId "1117076"]
[WhiteElo "2467"]
[BlackElo "2084"]
[Result "1/2-1/2"]
[Round "03"]
[TimeControl "180+1"]
[Date "2022.06.08"]
[WhiteClock "0:00:19"]
[BlackClock "0:00:32"]

1. d4 d5 2. Be3 c6 3. c3 Nf6 4. Bf4 Bf5 5. Qb3 Qb6 6. Nd2 Nbd7 7. h3 e6 8. Ngf3 h6 9. e3 Be7 10. Be2 O-O 11. O-O Rac8 12. c4 Ne4 13. c5 Qxb3 14. axb3 a6 15. b4 Bd8 16. Nb3 Bc7 17. Bxc7 Rxc7 18. Rfe1 Re8 19. Bf1 f6 20. g4 Bh7 21. h4 g5 22. Bg2 Rf8 23. hxg5 fxg5 24. Nbd2 Ndf6 25. Nxe4 Nxe4 26. Re2 Rcf7 27. Ne5 Rxf2 28. Rxf2 Nxf2 29. Rf1 Nd3 30. Rxf8+ Kxf8 31. Nxd3 Bxd3 32. Kf2 Ke7 33. Kg3 Kf6 34. Bf3 e5 35. Bd1 exd4 36. exd4 Ke7 37. Kf2 Kd8 38. Ke3 Be4 39. Be2 Kc7 40. Kd2 b6 41. Ke3 Kb7 42. Bf1 a5 43. bxa5 bxa5 44. Be2 Bg6 45. Kd2 Ka7 46. Kc3 Be8 47. Kb3 Bd7 48. Ka4 Bc8 49. Kxa5 Bd7 50. b4 Be8 51. Bd1 Kb7 52. Bf3 Kc7 53. Ka6 Bg6 54. Ka5 Bd3 55. Bd1 Bc4 56. Bf3 Bd3 57. Bd1 Kb7 58. Bf3 Ka7 59. Bd1 Bc4 60. Bf3 Bd3 61. Bd1 Be4 62. Be2 Bg2 63. b5 Kb7 64. b6 Bh3 65. Kb4 Bg2 66. Kc3 Be4 67. Kd2 Bg6 68. Ke3 Bh7 69. Bf3 Bg8 70. Bd1 Be6 71. Kf3 Bf7 72. Bc2 h5 73. gxh5 Bxh5+ 74. Kg3 Be2 75. Bf5 Bd1 76. Bd7 Be2 77. Bg4 Bd3 78. Bh5 Bf5 79. Bf7 Bd7 80. Bg6 Be6 81. Kf3 Ka6 82. Bh5 Kb7 83. Bg4 Bf7 84. Ke3 Bg6 85. Be2 Bf5 86. Kf2 Be6 87. Kg3 Bd7 88. Bg4 Be8 89. Bf5 Bh5 90. Bd7 Be2 91. Bg4 Bd3 92. Kf3 Be4+ 93. Ke3 Bg6 94. Kf2 Be4 95. Kg3 Bg6 96. Bd1 Bf5 97. Be2 Be6 98. Bg4 Bf7 99. Kf3 Bg6 100. Ke3 Bh7 101. Kd2 Bg6 102. Kc3 Bf7 103. Kb4 Bg6 104. Kc3 Bf7 105. Kc2 Bg6+ 106. Kd2 Be4 107. Ke3 Bg6 1/2-1/2


[Site "https://www.chess.com"]

[Event "Titled Tuesday Blitz June 07 Early 2022"]
[White "Papasimakopoulos, Alexandros"]
[Black "Kamsky, Gata"]
[WhiteFideId "4244125"]
[BlackFideId "2000024"]
[WhiteElo "2340"]
[BlackElo "2645"]
[Result "1/2-1/2"]
[Round "03"]
[TimeControl "180+1"]
[Date "2022.06.07"]
[WhiteClock "0:00:34"]
[BlackClock "0:00:11"]

1. d4 d5 2. c4 c6 3. cxd5 cxd5 4. Bf4 Nf6 5. Nc3 Nc6 6. e3 a6 7. Bd3 Bg4 8. Nge2 e6 9. Rc1 Bd6 10. f3 Bh5 11. O-O O-O 12. Na4 Bg6 13. Nc5 Bxc5 14. Rxc5 Nh5 15. Bxg6 hxg6 16. Qb3 Nxf4 17. Nxf4 Na5 18. Qc3 b6 19. Rc7 Nc4 20. Rxc4 dxc4 21. Qxc4 Qd7 22. Nd3 Rfc8 23. Qb3 Qb5 24. Qxb5 axb5 25. Nb4 g5 26. a3 Rc4 27. Kf2 Rac8 28. Re1 Kf8 29. Re2 Ke7 30. Rd2 Kd6 31. e4 f6 32. h3 Ke7 33. d5 e5 34. Ke3 Kd6 35. Nc6 Ra8 36. Nb4 Rc1 37. Kf2 Rc4 38. Ke3 Rc1 39. Kf2 Rc4 40. Kg3 Rac8 41. Nc6 Rh8 42. Kg4 g6 43. Kg3 Kd7 44. Na7 b4 45. Nc6 bxa3 46. bxa3 Ra8 47. Rb2 Kc7 48. Rb3 Rca4 49. Rc3 Rxa3 50. Rc1 Kd7 51. Rb1 Kc7 52. Rc1 Kd6 53. Rb1 Kc7 54. Rc1 1/2-1/2


[Site "https://www.chess.com"]

[Event "Titled Tuesday Blitz June 07 Early 2022"]
[White "Paravyan, David"]
[Black "Gong, Patrick"]
[WhiteFideId "4194985"]
[BlackFideId "3222500"]
[WhiteElo "2569"]
[BlackElo "2103"]
[Result "1-0"]
[Round "03"]
[TimeControl "180+1"]
[Date "2022.06.07"]
[WhiteClock "0:00:29"]
[BlackClock "0:00:01"]

1. e4 d6 2. d4 Nf6 3. Nc3 g6 4. Nf3 Bg7 5. Bg5 h6 6. Be3 a6 7. Qd2 b5 8. Bd3 Bb7 9. a3 Nbd7 10. e5 Ng4 11. e6 Ndf6 12. exf7+ Kxf7 13. Nh4 g5 14. Bg6+ Kg8 15. Nf5 e6 16. Nxg7 Kxg7 17. Bd3 e5 18. O-O-O Nxe3 19. fxe3 Qe7 20. h4 g4 21. Bf5 Rhe8 22. Rhe1 c5 23. dxc5 dxc5 24. Ne2 Rad8 25. Qa5 Bxg2 26. Ng3 Rxd1+ 27. Rxd1 Bf3 28. Rd2 e4 29. Bd7 Qe5 30. Nf5+ Kh8 31. Bxe8 Qxf5 32. Qd8 Ng8 33. Rd7 g3 34. Bf7 Qg4 35. Bxg8 Qxg8 36. Qf6+ 1-0


[Site "https://www.chess.com"]

[Event "Titled Tuesday Blitz June 07 Early 2022"]
[White "Putri, Regita Desyari"]
[Black "Mikhailovsky, Vladimir"]
[WhiteFideId "7109083"]
[BlackFideId "34105414"]
[WhiteElo "1930"]
[BlackElo "2270"]
[Result "0-1"]
[Round "03"]
[TimeControl "180+1"]
[Date "2022.06.08"]
[WhiteClock "0:00:03"]
[BlackClock "0:00:09"]

1. d4 d5 2. Nf3 Nf6 3. Bf4 e6 4. e3 Bd6 5. Nbd2 c5 6. c3 Qc7 7. Bg3 O-O 8. Bd3 Nbd7 9. O-O Bxg3 10. hxg3 e5 11. dxe5 Nxe5 12. Nxe5 Qxe5 13. Nf3 Qe7 14. c4 Be6 15. Qc2 Rfd8 16. Rac1 b6 17. Rfe1 g6 18. a3 Rd7 19. cxd5 Bxd5 20. e4 Be6 21. Bb5 Rdd8 22. Ne5 Qc7 23. Qc3 Nd7 24. Nc6 Re8 25. Nd4 Rad8 26. Nxe6 Rxe6 27. Bc4 Re7 28. f4 Nb8 29. Bd5 Qd7 30. Rf1 Nc6 31. Qf6 Nd4 32. Rcd1 Qd6 33. Qxd6 Rxd6 34. Kh2 Kg7 35. g4 f6 36. f5 g5 37. Rf2 Re5 38. Kg3 h6 39. Rfd2 Rd8 40. Kf2 Re7 41. b4 Red7 42. bxc5 bxc5 43. Rd3 Rb8 44. Rc1 Rb2+ 45. Kf1 Ne2 46. Rxc5 Nf4 47. Rg3 Rb1+ 48. Kf2 Rb2+ 49. Kf1 Rd2 50. Rc1 Nxd5 51. exd5 R2xd5 52. Rf3 Rd4 53. Rg3 h5 54. gxh5 Rf4+ 55. Rf3 Rxf3+ 56. gxf3 Rd5 57. Kf2 Rxf5 58. Rc7+ Kh6 59. Rxa7 Kxh5 60. a4 Rc5 61. a5 Kg6 62. a6 Kf5 63. Kg3 Rc3 64. Ra8 g4 65. a7 Rxf3+ 66. Kg2 Ra3 67. Kf2 Kf4 68. Kg2 Ra2+ 69. Kg1 f5 70. Kf1 Kf3 71. Ke1 f4 72. Kd1 g3 73. Kc1 g2 74. Kb1 Rxa7 75. Rxa7 g1=Q+ 0-1


[Site "https://www.chess.com"]

[Event "Titled Tuesday Blitz June 07 Early 2022"]
[White "Ronka, Erik"]
[Black "Urazayev, Arystanbek"]
[WhiteFideId "505080"]
[BlackFideId "13709810"]
[WhiteElo "2264"]
[BlackElo "2422"]
[Result "0-1"]
[Round "03"]
[TimeControl "180+1"]
[Date "2022.06.07"]
[WhiteClock "0:00:28"]
[BlackClock "0:01:33"]

1. e4 e5 2. Nf3 Nc6 3. Bb5 a6 4. Ba4 Nf6 5. O-O Nxe4 6. d4 b5 7. Bb3 d5 8. dxe5 Be6 9. Qe2 Nc5 10. Rd1 Nxb3 11. cxb3 Be7 12. Nc3 O-O 13. Be3 Qd7 14. Rac1 Rad8 15. Ne4 dxe4 16. Rxd7 exf3 17. gxf3 Bxd7 18. Kg2 Nxe5 19. Bc5 Bxc5 20. Rxc5 Ng6 21. Kg3 c6 22. h4 Rfe8 23. Qc2 h6 24. a4 Re1 25. Rxc6 Bxc6 26. Qxc6 Rg1+ 27. Kh2 Rdd1 28. Qc8+ Kh7 29. f4 Nxh4 30. Qc2+ f5 31. Kh3 Rh1+ 32. Kg3 Rdg1# 0-1


[Site "https://www.chess.com"]